PL
ATLANTA SMOKE @ DETROIT RENAISSANCE
09/01/2028
 
TOP OF THE 1ST
Atlanta Smoke batting - Pitching for Detroit Renaissance : RHP Domingo Ramírez
Pitching: RHP Domingo Ramírez
Batting: RHB Bartolo Morales 0-0: Ball
1-0: Called Strike
1-1: Ground out 4-3 (Groundball, 4M)
Batting: LHB Bernardo Elías 0-0: Called Strike
0-1: Ball
1-1: Ball
2-1: Ball
3-1: Called Strike
3-2: Fly out, F5 (Popup, 5S)
Batting: LHB Albert Morán 0-0: SINGLE (Flyball, 6MD)
Batting: SHB Valentín Guzmán 0-0: Ball
1-0: Called Strike
1-1: Fly out, F8 (Flyball, 8LD)
Top of the 1st over - 0 run(s), 1 hit(s), 0 error(s), 1 left on base; Atlanta 0 - Detroit 0
BOTTOM OF THE 1ST
Detroit Renaissance batting - Pitching for Atlanta Smoke : RHP Calvin Beck
Pitching: RHP Calvin Beck
Batting: RHB Roberto Hernández 0-0: Foul Ball, location: 2F
0-1: Ball
1-1: Called Strike
1-2: Ball
2-2: Fly out, F8 (Line Drive, 8LS)
Batting: RHB Zong-yuan Fung 0-0: Foul Ball, location: 2F
0-1: Ground out 5-3 (Groundball, 56)
Batting: RHB Bernardo Herrera 0-0: Ball
1-0: Swinging Strike
1-1: Called Strike
1-2: Foul Ball, location: 2F
1-2: Ball
2-2: Ball
3-2: Ground out 6-3 (Groundball, 6)
Bottom of the 1st over - 0 run(s), 0 hit(s), 0 error(s), 0 left on base; Atlanta 0 - Detroit 0
TOP OF THE 2ND
Atlanta Smoke batting - Pitching for Detroit Renaissance : RHP Domingo Ramírez
Batting: LHB Yataro Kodo 0-0: Fly out, F7 (Flyball, 7LS)
Batting: RHB Gabriel Maldonado 0-0: Fly out, F3 (Popup, 34)
Batting: RHB Layton Templeman 0-0: Called Strike
0-1: Swinging Strike
0-2: Foul Ball, location: 2F
0-2: Ball
1-2: Ball
2-2: Foul Ball, location: 2F
2-2: Foul Ball, location: 2F
2-2: Ball
3-2: Ground out 5-3 (Groundball, 5)
Top of the 2nd over - 0 run(s), 0 hit(s), 0 error(s), 0 left on base; Atlanta 0 - Detroit 0
BOTTOM OF THE 2ND
Detroit Renaissance batting - Pitching for Atlanta Smoke : RHP Calvin Beck
Batting: RHB Ludwig Kluge 0-0: Ball
1-0: Foul Ball, location: 2F
1-1: Foul Ball, location: 2F
1-2: Strikes out swinging
Batting: LHB Eric Thackston 0-0: Fly out, F8 (Flyball, 78D)
Batting: RHB Nate Cates 0-0: Called Strike
0-1: Ball
1-1: Foul Ball, location: 2F
1-2: Foul Ball, location: 2F
1-2: Ball
2-2: Foul Ball, location: 2F
2-2: Foul Ball, location: 2F
2-2: Strikes out swinging
Bottom of the 2nd over - 0 run(s), 0 hit(s), 0 error(s), 0 left on base; Atlanta 0 - Detroit 0
TOP OF THE 3RD
Atlanta Smoke batting - Pitching for Detroit Renaissance : RHP Domingo Ramírez
Batting: RHB Bobby Butterfield 0-0: Fly out, F1 (Line Drive, 13)
Batting: LHB Willis Baker 0-0: Foul Ball, location: 2F
0-1: Called Strike
0-2: Ball
1-2: Strikes out swinging
Batting: RHB Bartolo Morales 0-0: Ball
1-0: Ball
2-0: Called Strike
2-1: Foul Ball, location: 2F
2-2: Ball
3-2: Foul Ball, location: 2F
3-2: Ground out 5-3 (Groundball, 5)
Top of the 3rd over - 0 run(s), 0 hit(s), 0 error(s), 0 left on base; Atlanta 0 - Detroit 0
BOTTOM OF THE 3RD
Detroit Renaissance batting - Pitching for Atlanta Smoke : RHP Calvin Beck
Batting: RHB Brian Williams 0-0: Called Strike
0-1: Called Strike
0-2: Ball
1-2: Ground out 5-3 (Groundball, 5L)
Batting: LHB Greg Robinson 0-0: Ball
1-0: Called Strike
1-1: Ball
2-1: Foul Ball, location: 2F
2-2: Ground out U3 (Groundball, 3L)
Batting: RHB Kenneth Noid 0-0: Called Strike
0-1: Foul Ball, location: 2F
0-2: Ball
1-2: Foul Ball, location: 2F
1-2: Fly out, F5 (Line Drive, 5)
Bottom of the 3rd over - 0 run(s), 0 hit(s), 0 error(s), 0 left on base; Atlanta 0 - Detroit 0
TOP OF THE 4TH
Atlanta Smoke batting - Pitching for Detroit Renaissance : RHP Domingo Ramírez
Batting: LHB Bernardo Elías 0-0: Ball
1-0: Ball
2-0: Ball
3-0: Base on Balls
Batting: LHB Albert Morán 0-0: Grounds into double play, 4-6-3 (Groundball, 4)
Batting: SHB Valentín Guzmán 0-0: Called Strike
0-1: Called Strike
0-2: Fly out, F8 (Line Drive, 89M)
Top of the 4th over - 0 run(s), 0 hit(s), 0 error(s), 0 left on base; Atlanta 0 - Detroit 0
BOTTOM OF THE 4TH
Detroit Renaissance batting - Pitching for Atlanta Smoke : RHP Calvin Beck
Batting: RHB Roberto Hernández 0-0: Ball
1-0: Fly out, F6 (Popup, 6D)
Batting: RHB Zong-yuan Fung 0-0: Ball
1-0: Called Strike
1-1: Ball
2-1: Called Strike
2-2: Reached on error, E4 (Flyball, 34D)
Batting: RHB Bernardo Herrera 0-0: Ball
1-0: SINGLE (Groundball, 6MD)
Zong-yuan Fung to second
Runner from 2nd tries for 3rd, SAFE, throw made to third
Bernardo Herrera to second
Batting: RHB Ludwig Kluge 0-0: Called Strike
0-1: Swinging Strike
0-2: Ball
1-2: Fly out, F7 (Flyball, 78S)
Batting: LHB Eric Thackston 0-0: Foul Ball, location: 2F
0-1: SINGLE (Groundball, 4MD)
Zong-yuan Fung scores
Bernardo Herrera to third
Runner from 3rd tries for Home, SAFE, no throw
Batting: RHB Nate Cates 0-0: Ground out 5-3 (Groundball, 5S)
Bottom of the 4th over - 2 run(s), 2 hit(s), 1 error(s), 1 left on base; Atlanta 0 - Detroit 2
TOP OF THE 5TH
Atlanta Smoke batting - Pitching for Detroit Renaissance : RHP Domingo Ramírez
Batting: LHB Yataro Kodo 0-0: DOUBLE (Flyball, 8LXD)
Batting: RHB Gabriel Maldonado 0-0: Called Strike
0-1: Ground out 6-3 (Groundball, 56)
Batting: RHB Layton Templeman 0-0: Foul Ball, location: 2F
0-1: Ball
1-1: Ball
2-1: Fly out, F9 (Flyball, 9S)
Batting: RHB Bobby Butterfield 0-0: DOUBLE (Flyball, 78D)
Yataro Kodo scores
Batting: LHB Willis Baker 0-0: Ball
1-0: Foul Ball, location: 2F
1-1: Foul Ball, location: 2F
1-2: Strikes out swinging
Top of the 5th over - 1 run(s), 2 hit(s), 0 error(s), 1 left on base; Atlanta 1 - Detroit 2
BOTTOM OF THE 5TH
Detroit Renaissance batting - Pitching for Atlanta Smoke : RHP Calvin Beck
Batting: RHB Brian Williams 0-0: Foul Ball, location: 2F
0-1: Foul Ball, location: 2F
0-2: Strikes out looking
Batting: LHB Greg Robinson 0-0: Swinging Strike
0-1: Ball
1-1: Ball
2-1: Ground out 4-3 (Groundball, 4)
Batting: RHB Kenneth Noid 0-0: Called Strike
0-1: Ball
1-1: Called Strike
1-2: Foul Ball, location: 2F
1-2: Ball
2-2: Fly out, F7 (Flyball, 7S)
Bottom of the 5th over - 0 run(s), 0 hit(s), 0 error(s), 0 left on base; Atlanta 1 - Detroit 2
TOP OF THE 6TH
Atlanta Smoke batting - Pitching for Detroit Renaissance : RHP Domingo Ramírez
Batting: RHB Bartolo Morales 0-0: Fly out, F7 (Flyball, 7)
Batting: LHB Bernardo Elías 0-0: Ball
1-0: Bunt for hit - play at first, batter OUT! 3-4
Batting: LHB Albert Morán 0-0: Ball
1-0: SINGLE (Line Drive, 89S)
Batting: SHB Valentín Guzmán 0-0: Called Strike
0-1: Fly out, F9 (Line Drive, 89D)
Top of the 6th over - 0 run(s), 1 hit(s), 0 error(s), 1 left on base; Atlanta 1 - Detroit 2
BOTTOM OF THE 6TH
Detroit Renaissance batting - Pitching for Atlanta Smoke : RHP Calvin Beck
Batting: RHB Roberto Hernández 0-0: Foul Ball, location: 2F
0-1: Foul Ball, location: 2F
0-2: Ball
1-2: Foul Ball, location: 2F
1-2: Foul Ball, location: 2F
1-2: Ground out 6-3 (Groundball, 6)
Batting: RHB Zong-yuan Fung 0-0: Swinging Strike
0-1: Ball
1-1: Foul Ball, location: 2F
1-2: Foul Ball, location: 2F
1-2: Strikes out looking and he ARGUES THE CALL AND IS TOSSED!
Batting: RHB Bernardo Herrera 0-0: Foul Ball, location: 2F
0-1: Swinging Strike
0-2: Ground out 6-3 (Groundball, 56)
Bottom of the 6th over - 0 run(s), 0 hit(s), 0 error(s), 0 left on base; Atlanta 1 - Detroit 2
TOP OF THE 7TH
Atlanta Smoke batting - Pitching for Detroit Renaissance : RHP Domingo Ramírez
Now at 3B: Ray Sears
Batting: LHB Yataro Kodo 0-0: Ball
1-0: Ball
2-0: Ball
3-0: Called Strike
3-1: Called Strike
3-2: Strikes out looking
Batting: RHB Gabriel Maldonado 0-0: Swinging Strike
0-1: Foul Ball, location: 2F
0-2: Ball
1-2: Strikes out swinging
Batting: RHB Layton Templeman 0-0: Called Strike
0-1: Ball
1-1: Ground out 5-3 (Groundball, 56S)
Top of the 7th over - 0 run(s), 0 hit(s), 0 error(s), 0 left on base; Atlanta 1 - Detroit 2
BOTTOM OF THE 7TH
Detroit Renaissance batting - Pitching for Atlanta Smoke : RHP Calvin Beck
Batting: RHB Ludwig Kluge 0-0: Called Strike
0-1: Ball
1-1: Called Strike
1-2: Foul Ball, location: 2F
1-2: Strikes out looking
Batting: LHB Eric Thackston 0-0: Ball
1-0: Fly out, F7 (Flyball, 7S)
Batting: RHB Nate Cates 0-0: Swinging Strike
0-1: Foul Ball, location: 2F
0-2: Foul Ball, location: 2F
0-2: Ball
1-2: SINGLE (Line Drive, 56D)
Batting: RHB Brian Williams 0-0: Ball
1-0: Ground out 5-3 (Groundball, 56S)
Bottom of the 7th over - 0 run(s), 1 hit(s), 0 error(s), 1 left on base; Atlanta 1 - Detroit 2
TOP OF THE 8TH
Atlanta Smoke batting - Pitching for Detroit Renaissance : RHP Domingo Ramírez
Batting: RHB Bobby Butterfield 0-0: Called Strike
0-1: Fly out, F9 (Flyball, 9S)
Batting: LHB Willis Baker 0-0: Ball
1-0: Foul Ball, location: 2F
1-1: Ball
2-1: Foul Ball, location: 2F
2-2: Ball
3-2: SINGLE (Groundball, 34D)
Batting: RHB Bartolo Morales 0-0: Ball
1-0: Ball
2-0: Ground out 6-3 (Groundball, 56)
Willis Baker to second
Batting: LHB Bernardo Elías 0-0: Fly out, F9 (Flyball, 89M)
Top of the 8th over - 0 run(s), 1 hit(s), 0 error(s), 1 left on base; Atlanta 1 - Detroit 2
BOTTOM OF THE 8TH
Detroit Renaissance batting - Pitching for Atlanta Smoke : RHP Calvin Beck
Batting: LHB Greg Robinson 0-0: Called Strike
0-1: Fly out, F7 (Flyball, 78S)
Batting: RHB Kenneth Noid 0-0: Ball
1-0: Called Strike
1-1: Ground out 5-3 (Groundball, 5)
Batting: RHB Roberto Hernández 0-0: Ball
1-0: Foul Ball, location: 2F
1-1: Ball
2-1: Ball
3-1: Called Strike
3-2: SINGLE (Line Drive, 78S)
Batting: LHB Ray Sears 0-0: Ball
Roberto Hernández steals 2nd base
1-0: Ball
Roberto Hernández steals 3rd base
2-0: Ball
3-0: Fly out, F8 (Flyball, 8LD)
Bottom of the 8th over - 0 run(s), 1 hit(s), 0 error(s), 1 left on base; Atlanta 1 - Detroit 2
TOP OF THE 9TH
Atlanta Smoke batting - Pitching for Detroit Renaissance : RHP Domingo Ramírez
Now in RF: Ryan Forrest
Batting: LHB Albert Morán 0-0: Foul Ball, location: 2F
0-1: Ball
1-1: Ball
2-1: Ball
3-1: Fly out, F8 (Line Drive, 78XD)
Batting: SHB Valentín Guzmán 0-0: Called Strike
0-1: Ball
1-1: Fly out, F8 (Flyball, 8RD)
Batting: LHB Yataro Kodo 0-0: Fly out, F5 (Line Drive, 56S)
Top of the 9th over - 0 run(s), 0 hit(s), 0 error(s), 0 left on base; Atlanta 1 - Detroit 2
Thursday, August 31st, 2017 - OOTP Baseball 17.12 Build 75